 Dungeon Crawl Stone Soup version 0.31-a0-431-g88bdf31460 (webtiles) character file.

Game seed: 10152333079491617497

12482 GloriousHammer the Zephyrmancer (level 11, -4/62 (66) HPs)
             Began as a Tengu Fire Elementalist on Aug 1, 2023.
             Was a Priest of Vehumet.
             Slain by a black mamba (10 damage)
             ... on level 1 of the Lair of Beasts.
             The game lasted 00:46:46 (21252 turns).

GloriousHammer the Zephyrmancer (TeFE)             Turns: 21252, Time: 00:46:47

HP:   -4/62 (66)    AC:  7    Str:  8    XL:     11   Next: 94%
MP:   15/23         EV: 18    Int: 19    God:    Vehumet [***...]
Gold: 549           SH:  5    Dex: 16    Spells: 2/25 levels left

rFire   x . .        F - +2 long sword of True Grit {venom, rElec rF- Will+}
rCold   . . .        H - +0 buckler {reflect}
rNeg    . . .        a - +0 steam dragon scales
rPois   .            (helmet restricted)
rElec   +            N - +0 cloak
rCorr   +            T - +0 pair of gloves
SInv    .            (boots unavailable)
Will    +....        p - amulet of regeneration
Stlth   +++          R - ring of resist corrosion
HPRegen 1.10/turn    (no ring)
MPRegen 0.18/turn

%: reflection
@: lethally poisoned (-4 -> -5), swift, flying quickly and evasively, drained,
very quick
A: beak, talons 3, nimble flight
a: Renounce Religion


You were on level 1 of the Lair of Beasts.
You worshipped Vehumet.
Vehumet was most pleased with you.
You visited 3 branches of the dungeon, and saw 13 of its levels.

You collected 661 gold pieces.
You spent 112 gold pieces at shops.

Inventory:

Hand Weapons
 q - a +2 dagger of draining
 D - a +0 dagger of speed
 F - the +2 long sword of True Grit (weapon) {venom, rElec rF- Will+}
   (You found it on level 6 of the Dungeon)

   rF:        It makes you vulnerable to fire.
   rElec:     It insulates you from electricity.
   Will:      It increases your willpower.
 G - a +3 long sword
 M - the +8 hammer "Ogre's Foe" {freeze, rF+ rC+}
   (You found it on level 7 of the Dungeon)

   rF:        It protects you from fire.
   rC:        It protects you from cold.
 P - a +0 dagger of flaming
Missiles
 i - 10 curare-tipped darts
 n - 8 atropa-tipped darts
 r - 27 poisoned darts
Armour
 a - +0 steam dragon scales (worn)
 H - a +0 buckler of reflection (worn)
 N - a +0 cloak (worn)
 T - a +0 pair of gloves (worn)
Jewellery
 p - an amulet of regeneration (around neck)
 y - an amulet of reflection
 E - a +6 ring of intelligence
 R - a ring of resist corrosion (left hand)
 Z - a ring of wizardry
Wands
 t - a wand of charming (5)
 u - a wand of acid (17)
 v - a wand of roots (2)
 K - a wand of flame (23)
Scrolls
 c - 2 scrolls of fog
 e - 3 scrolls of noise
 g - 3 scrolls of blinking
 h - 4 scrolls of vulnerability
 j - 3 scrolls of fear
 k - 2 scrolls of amnesia
 m - 2 scrolls of poison
 w - 2 scrolls of teleportation
 J - a scroll of revelation
 L - a scroll of enchant weapon
 O - a scroll of torment
 S - a scroll of brand weapon
Potions
 b - 2 potions of magic
 d - 2 potions of degeneration
 f - a potion of attraction
 l - 2 potions of might {unknown}
 o - 2 potions of mutation
 s - 6 potions of curing
 x - 6 potions of enlightenment
 z - 3 potions of brilliance
 A - 3 potions of haste
 B - 2 potions of resistance
 C - a potion of heal wounds
 Q - a potion of cancellation {unknown}
 U - a potion of berserk rage {unknown}


   Skills:
 + Level 6.6 Fighting
 + Level 1.9 Armour
 + Level 7.7 Dodging
 - Level 4.0 Stealth
 - Level 4.0 Shields
 + Level 7.9 Spellcasting
 + Level 7.4 Conjurations
 - Level 2.2 Hexes
 - Level 2.4 Translocations
 - Level 8.0 Fire Magic
 + Level 2.6 Ice Magic
 + Level 8.5 Air Magic
 - Level 3.0 Poison Magic


You had 2 spell levels left.
You knew the following spells:

 Your Spells              Type           Power      Damage    Failure   Level
a - Foxfire               Conj/Fire      100%       2x1d9     1%          1
b - Scorch                Fire           74%        2d8       1%          2
c - Volatile Blastmotes   Fire/Tloc      54%        2d14      1%          3
d - Inner Flame           Hex/Fire       26%        N/A       1%          3
e - Swiftness             Air            40%        N/A       1%          3
f - Mephitic Cloud        Conj/Pois/Air  31%        N/A       1%          3
g - Freezing Cloud        Conj/Ice/Air   15%        6-21      9%          5
h - Ignite Poison         Fire/Tmut/Pois 21%        N/A       2%          3

Your spell library contained the following spells:

 Spells                   Type           Power      Damage    Failure   Level
 Poisonous Vapours        Pois/Air       58%        N/A       1%          2
 Cigotuvi's Dreadful Rot  Necr/Pois/Air  44%        N/A       4%          2
 Ensorcelled Hibernation  Hex/Ice        32%        N/A       8%          2
 Passwall                 Tmut/Erth      5%         N/A       22%         2
 Flame Wave               Conj/Fire      36%        2d10      1%          4
 Portal Projectile        Hex/Tloc       32%        N/A       16%         3
 Call Canine Familiar     Summ           7%         N/A       38%         3
 Leda's Liquefaction      Hex/Erth       5%         N/A       65%         4
 Alistair's Intoxication  Tmut/Pois      8%         N/A       91%         5
 Eringya's Noxious Bog    Tmut/Pois      6%         4d6       94%         6
 Borgnjor's Vile Clutch   Necr/Erth      3%         N/A       98%         5


Dungeon Overview and Level Annotations

Branches:
Dungeon (11/15)            Temple (1/1) D:6            Lair (1/5) D:11
    Orc: D:9-12

Altars:
Ashenzari
Cheibriados
Dithmenos
Elyvilon
Fedhas
Gozag
Hepliaklqana
Kikubaaqudgha
Makhleb
Nemelex Xobeh
Okawaru
Qazlal
Ru
Sif Muna
Trog
Uskayaw
Vehumet
Wu Jian
Xom
Yredelemnul
Zin
The Shining One

Shops:
D:2 ?   D:4 *

Annotations:
D:3 exclusion: downstairs, Grinder
D:6 exclusion: downstairs
D:8 exclusion: 2 downstairs
D:10 exclusion: downstairs


Innate Abilities, Weirdness & Mutations

You have a beak for a mouth.
You have claws for feet.
Your magical nature lets you fly swiftly and evasively.


Message History

You add the spell Cigotuvi's Dreadful Rot to your library.
You start resting.
Magic restored.
You start waiting.
Done waiting.
Found a stone staircase leading down.
You now have 549 gold pieces (gained 21).
You reach down and open the door.
There is an open door here.
Z - a ring of wizardry A komodo dragon comes into view.
Found a chain mail and a book of Storms.
The komodo dragon hisses angrily.
Casting: Foxfire (safe; 1% risk of failure)
Confirm with . or Enter, or press ? or * to list all spells.
Flames lash the komodo dragon.
The komodo dragon is lightly wounded.
The komodo dragon's fire resistance burns away.
Casting: Scorch (safe; 1% risk of failure)
Confirm with . or Enter, or press ? or * to list all spells.
Flames lash the komodo dragon.
The komodo dragon is burned terribly!
The komodo dragon is moderately wounded.
A black mamba comes into view.
The komodo dragon bites you.
Casting: Scorch (safe; 1% risk of failure)
Confirm with . or Enter, or press ? or * to list all spells.
You conjure some foxfire!
The black mamba hisses angrily.
The komodo dragon completely misses you.
The black mamba attacks as you move away!
The black mamba closely misses you.
The foxfire hits the black mamba but does no damage.
The foxfire hits the komodo dragon!
The komodo dragon is burned terribly!
The komodo dragon is heavily wounded.
Casting: Foxfire (safe; 1% risk of failure)
Confirm with . or Enter, or press ? or * to list all spells.
You conjure some foxfire!
You block the black mamba's attack. The black mamba closely misses you.
The komodo dragon bites you!
Your foxfire dissipates!
The black mamba attacks as you move away!
The black mamba bites you.
The foxfire hits the black mamba.
The black mamba is lightly wounded.
The black mamba closely misses you.
The black mamba attacks as you move away!
You block the black mamba's attack. The black mamba closely misses you.
The black mamba bites you!
The komodo dragon is no longer more vulnerable to fire.
The black mamba bites you.
There is an open door here.
Casting: Foxfire (safe; 1% risk of failure)
Confirm with . or Enter, or press ? or * to list all spells.
A cloud of volatile blastmotes flares up around you!
You block the black mamba's attack.
The cloud of blastmotes explodes!
The concussive blast engulfs the black mamba!
The black mamba is heavily wounded.
The concussive blast engulfs you! The fire burns you terribly!
The black mamba closely misses you. The black mamba completely misses you.
You miss the black mamba.
You peck the black mamba, but do no damage.
The black mamba is heavily wounded.
The black mamba bites you!
* * * LOW HITPOINT WARNING * * *
You are poisoned.
The black mamba poisons you! The black mamba completely misses you.
Casting: Volatile Blastmotes (safe; 1% risk of failure)
Confirm with . or Enter, or press ? or * to list all spells.
Okay, then.
You feel much better.
You feel very sick. The black mamba completely misses you.
The komodo dragon closely misses you. You block the black mamba's attack.
Casting: Volatile Blastmotes (safe; 1% risk of failure)
Confirm with . or Enter, or press ? or * to list all spells.
You feel quick.
You feel very sick. You block the black mamba's attack.
The komodo dragon bites you but does no damage.
The black mamba bites you!
You are more poisoned.
The black mamba poisons you!
The black mamba attacks as you move away!
The black mamba bites you but does no damage.
You feel very sick.
You feel very sick.
You feel very sick.
The black mamba attacks as you move away!
The black mamba misses you.
You feel very sick. You block the black mamba's attack.
You feel sick.
You feel sick.
The black mamba attacks as you move away!
The black mamba completely misses you.
You feel sick.
You feel sick.
You feel sick.
The black mamba attacks as you move away!
The black mamba bites you!
You die...

#.........#..#.......
#.........'.#........
#.....l...######PP##.
####.##P+#.# #### .
###l...### ##
#....### #.###..####
#.....S...##
#.....@....#
##.........####
#..........#...
##............
#.........###
#.........#
#.........#
##.###.#### ## #..##


You could see a komodo dragon and a black mamba.

Vanquished Creatures
  A two-headed ogre (D:8)
  Sonja (D:11)
  3 cyclopes (D:11)
  A moth of wrath (D:10)
  A kobold demonologist (D:10)
  An unseen horror (D:11)
  4 slime creatures (D:8)
  5 shadows
  4 wyverns
  9 yaks
  2 wraiths
  2 steam dragons
  2 water moccasins
  4 ice beasts
  5 orc warriors
  3 sky beasts
  A black bear (D:5)
  2 ogres
  7 centaurs
  2 kobold brigands
  10 bullfrogs
  7 scorpions
  A gnoll sergeant (D:7)
  7 wights
  6 electric eels (D:9)
  5 orc priests
  6 hounds
  A jelly (D:7)
  Crazy Yiuf (D:7)
  2 gnoll boudas
  2 sleepcaps
  2 iguanas
  8 orc wizards
  10 hell rats
  15 gnolls
  11 adders
  2 shadow imps
  A white imp (D:7)
  An ufetubus (D:6)
  4 worms
  2 dart slugs (D:4)
  35 orcs
  2 endoplasms
  5 goblins
  8 hobgoblins
  6 jackals
  3 quokkas
  3 ball pythons
  2 bats
  A frilled lizard (D:2)
  16 kobolds
  5 rats
250 creatures vanquished.

Vanquished Creatures (collateral kills)
  17 foxfires
17 creatures vanquished.

Vanquished Creatures (others)
  898 foxfires
898 creatures vanquished.

Grand Total: 1165 creatures vanquished

Notes
Turn   | Place    | Note
-------+----------+-------------------------------------------
     0 | D:1      | GloriousHammer the Tengu Fire Elementalist began the quest
                  | for the Orb.
     0 | D:1      | Reached XP level 1. HP: 10/10 MP: 4/4
   225 | D:1      | You fall into a shaft and drop 1 floor!
   551 | D:1      | Reached XP level 2. HP: 14/15 MP: 1/6
   650 | D:1      | Found a faded altar of an unknown god.
  1165 | D:2      | Learned a level 2 spell: Scorch
  1588 | D:2      | Reached XP level 3. HP: 16/19 MP: 1/7
  2079 | D:2      | Found Zuobbino's Magic Scroll Boutique.
  2235 | D:2      | Bought a scroll of identify for 28 gold pieces
  2235 | D:2      | Bought a scroll of identify for 28 gold pieces
  2235 | D:2      | Bought a scroll of fog for 56 gold pieces
  2277 | D:2      | Learned a level 3 spell: Volatile Blastmotes
  2389 | D:3      | Reached XP level 4. HP: 24/24 MP: 3/8
  3034 | D:3      | Noticed Grinder
  3869 | D:4      | Found Jopeufiz's General Store.
  3943 | D:4      | Reached skill level 5 in Fire Magic
  3943 | D:4      | Gained mutation: Your magical nature lets you fly swiftly
                  | and evasively. [Tengu growth]
  3943 | D:4      | Reached XP level 5. HP: 28/28 MP: 0/10
  4028 | D:4      | Noticed a kobold brigand
  4341 | D:4      | Killed a kobold brigand
  4342 | D:4      | Reached XP level 6. HP: 22/32 MP: 1/11
  4721 | D:4      | Found a hide-covered altar of Uskayaw.
  4792 | D:4      | Found an iron altar of Okawaru.
  5175 | D:4      | Learned a level 3 spell: Inner Flame
  5238 | D:4      | Found a burning altar of Makhleb.
  5486 | D:4      | Reached XP level 7. HP: 36/36 MP: 9/13
  5792 | D:5      | Entered Level 5 of the Dungeon
  5944 | D:5      | Reached skill level 1 in Translocations
  6097 | D:5      | Found a basalt altar of Yredelemnul.
  6115 | D:5      | Reached skill level 1 in Hexes
  6158 | D:5      | Found a broken altar of Ashenzari.
  6461 | D:5      | Reached XP level 8. HP: 41/41 MP: 7/15
  6716 | D:5      | Found a shimmering altar of Xom.
  6717 | D:5      | Found a hazy altar of Hepliaklqana.
  6718 | D:5      | Noticed a spectral ugly thing
  7481 | D:5      | Learned a level 3 spell: Swiftness
  7521 | D:6      | Found a staircase to the Ecumenical Temple.
  7664 | Temple   | Entered the Ecumenical Temple
  7684 | Temple   | Became a worshipper of Vehumet
  7740 | D:6      | Reached skill level 5 in Spellcasting
  7740 | D:6      | Reached skill level 1 in Air Magic
  7744 | D:6      | Reached skill level 1 in Fighting
  8255 | D:6      | Found a sparkling altar of Nemelex Xobeh.
  8292 | D:6      | Reached XP level 9. HP: 49/49 MP: 8/18
  8536 | D:6      | Found an opulent altar of Gozag.
  8597 | D:6      | Identified the +2 long sword of True Grit {venom, rElec rF-
                  | Will+}
  8893 | D:6      | Learned a level 3 spell: Mephitic Cloud
  9150 | D:7      | Reached skill level 1 in Poison Magic
  9418 | D:7      | Reached skill level 5 in Air Magic
  9917 | D:7      | Reached skill level 5 in Dodging
 10115 | D:7      | Reached * piety under Vehumet
 10115 | D:7      | Offered knowledge of Sandblast by Vehumet.
 10247 | D:7      | Identified the +8 hammer "Ogre's Foe" {freeze, rF+ rC+}
 10249 | D:7      | Found a runed translucent door.
 10250 | D:7      | Noticed Crazy Yiuf
 10556 | D:7      | Killed Crazy Yiuf
 10931 | D:8      | Reached skill level 1 in Shields
 11228 | D:8      | Found a sacrificial altar of Ru.
 11262 | D:8      | Reached XP level 10. HP: 57/57 MP: 0/20
 11454 | D:8      | Learned a level 5 spell: Freezing Cloud
 11630 | D:8      | Found a white marble altar of Elyvilon.
 12389 | D:8      | Noticed a two-headed ogre
 12422 | D:8      | Killed a two-headed ogre
 13154 | D:9      | Reached skill level 5 in Conjurations
 13309 | D:9      | Found a shimmering blue altar of Sif Muna.
 13529 | D:9      | Reached skill level 5 in Fighting
 15443 | D:9      | Noticed an eye of devastation
 16165 | D:10     | Entered Level 10 of the Dungeon
 16221 | D:10     | Reached XP level 11. HP: 64/64 MP: 15/22
 16305 | D:10     | Found a blossoming altar of Fedhas.
 16346 | D:10     | Noticed a moth of wrath
 16348 | D:10     | Found a bloodstained altar of Trog.
 16354 | D:10     | Offered knowledge of Shock by Vehumet.
 16356 | D:10     | Reached ** piety under Vehumet
 16578 | D:10     | Killed a moth of wrath
 17596 | D:11     | Noticed Sonja
 17816 | D:11     | Noticed a cyclops
 17870 | D:11     | Noticed a cyclops
 18235 | D:11     | Noticed a cyclops
 18249 | D:11     | Killed a cyclops
 18250 | D:11     | Reached skill level 1 in Ice Magic
 18545 | D:11     | Killed a cyclops
 18765 | D:11     | Killed Sonja
 18846 | D:11     | Killed a cyclops
 19481 | D:11     | Found a staircase to the Lair.
 19490 | D:11     | Offered knowledge of Ignite Poison by Vehumet.
 19555 | D:11     | Reached skill level 1 in Armour
 19895 | Lair:1   | Entered Level 1 of the Lair of Beasts
 20086 | D:11     | Reached *** piety under Vehumet
 21082 | Lair:1   | Identified a scroll of acquirement
 21083 | Lair:1   | Acquired a Trismegistus Codex
 21088 | Lair:1   | Learned a level 3 spell: Ignite Poison
 21252 | Lair:1   | Slain by a black mamba

Illustrated notes

Levels and vault maps discovered:
D:1:      kennysheep_arrival_forest, layout_rooms,
          hellmonk_ecumenical_altar_crossroads, minmay_pentomino_s4
D:2:      layout_basic, serial_shops, shop
D:3:      layout_basic, uniq_grinder
D:4:      cheibrodos_thug_alley, layout_loops_ring, lemuel_round_altar,
          lemuel_crystal_altar, okawaru_gym_becter, serial_shops, shop,
          dreamdust_gnoll_farm
D:5:      layout_cave_pods, regret_index_temple_of_mockery,
          evilmike_ruin_ashenzari, yredelemnul_altar_generic, kennysheep_path_1,
          minmay_between
D:6:      layout_basic, grunt_gozag_breadcrumbs, mainiacjoe_overflow_chevrons,
          minmay_temple_entry_proselytizer, minmay_increasing_density
D:7:      layout_rooms, uniq_crazy_yiuf_cottage
D:8:      layout_basic, elyvilon_altar_3, nicolae_overflow_crystal_walls
D:9:      cheibrodos_two_vegetables, layout_basic, overflow_temple_1_default
D:10:     layout_basic, lemuel_doored_altar, tgw_trog
D:11:     layout_small_grid, grunt_lair_entry_orc_guard_hut, uniq_sonja
Temple:   hellmonk_temple_flake
Lair:1:   layout_roguey

Skill      XL: |  1  2  3  4  5  6  7  8  9 10 11 |
---------------+----------------------------------+-----
Conjurations   | 2 3 4 5 7 |  7.4
Fire Magic     | 4 5 6 7 8 |  8.0
Spellcasting   | 3 4 5 6 7 |  7.9
Translocations | 2 |  2.4
Hexes          | 1 2 |  2.2
Air Magic      | 3 5 7 8 |  8.5
Fighting       | 2 4 5 6 |  6.6
Dodging        | 3 5 6 7 |  7.7
Poison Magic   | 2 3 |  3.0
Shields        | 1 3 4 |  4.0
Stealth        | 4 |  4.0
Ice Magic      | 2 |  2.6
Armour         | 1 |  1.9

Action                     |  1- 3 |  4- 6 |  7- 9 | 10-12 || total
---------------------------+-------+-------+-------+-------++-------
  Melee: Peck              |     1 |     2 |     1 |     5 ||     9
         Mace              |     1 |       |       |       ||     1
         Dagger            |     6 |     4 |     3 |       ||    13
         Kick              |     4 |     1 |     1 |    13 ||    19
         Long sword        |       |       |     2 |    28 ||    30
   Cast: Foxfire           |    58 |    69 |   176 |   274 ||   577
         Scorch            |     6 |    21 |    48 |   107 ||   182
         Volatile Blastmot |       |       |    13 |    45 ||    58
         Inner Flame       |       |       |     5 |     9 ||    14
         Mephitic Cloud    |       |       |       |     1 ||     1
         Swiftness         |       |       |       |     2 ||     2
  Evoke: Wand              |       |       |       |     4 ||     4
    Use: Scroll            |     4 |       |     9 |    10 ||    23
         Potion            |       |       |       |     1 ||     1
 Armour: Robe              |     2 |     1 |     2 |       ||     5
         Steam dragon scal |       |       |       |    17 ||    17
  Dodge: Dodged            |     6 |    17 |    32 |   146 ||   201
  Block: Buckler           |       |       |     1 |    40 ||    41

Table legend: (Time is in decaauts)
 A = Elapsed time spent in this place.
 B = Non-inter-level travel time spent in this place.
 C = Inter-level travel time spent in this place.
 D = Time resting spent in this place.
 E = Time spent auto-exploring this place.
 F = Levels seen in this place.
 G = Mean time per level.
                   A        B        C        D        E       F      G
               +--------+--------+--------+--------+--------+-----+--------+
         Total |  20594 |  19763 |    831 |  10282 |   6569 |  13 | 1584.2 |
       Dungeon |  19578 |  18765 |    813 |   9740 |   6362 |  11 | 1779.8 |
        Temple |     29 |     11 |     18 |      0 |      0 |   1 |   29.0 |
          Lair |    986 |    986 |      0 |    542 |    207 |   1 |  986.0 |
               +--------+--------+--------+--------+--------+-----+--------+

Top non-repeatable levels by time:
     D:8: 2787 daAuts
     D:9: 2296 daAuts
    D:10: 2054 daAuts
    D:11: 1889 daAuts
     D:3: 1870 daAuts
     D:7: 1856 daAuts
     D:5: 1644 daAuts
     D:4: 1555 daAuts
     D:6: 1333 daAuts
     D:2: 1318 daAuts
  Lair:1: 986 daAuts
     D:1: 972 daAuts
  Temple: 29 daAuts
